Map: Shadowed Jungle

Players

Loken

  • Race: Zerg Zerg
  • League: Platinum
  • Spawn Location: 11:00

dallaskuken

  • Race: Protoss Protoss
  • League: Platinum
  • Spawn Location: 1:00

FlAshBecK - Winner!

  • Race: Terran Terran
  • League: Diamond
  • Spawn Location: 5:00

simon - Winner!

  • Race: Protoss Protoss
  • League: Gold
  • Spawn Location: 7:00

VOD

Have the link to the VOD?

Description

Time

  • Played on: March 19, 2017, 9:38 p.m.
  • Length: 12:24
Show
View Real Time Build Order
Export as new Build Order

Loken Zerg 

Build Orders: Hatch First 

Get SALT Encoding   

  12  0:01  Drone  
  13  0:09  Drone  
  14  0:17  Overlord  
  14  0:36  Drone  
  14  0:37  Drone x2  
  17  0:54  Hatchery  
  16  0:57  Drone  
  16  1:02  Drone  
  18  1:15  Spawning Pool  
  17  1:19  Drone  
  18  1:27  Extractor  
  17  1:37  Drone x2  
  19  1:51  Overlord  
  19  2:03  Queen  
  19  2:06  Queen  
  19  2:08  Zergling x4  
  24  2:09  Zergling x2  
  26  2:19  Zergling x4  
  28  2:45  Drone  
  28  2:46  Drone x4  
  33  3:04  Drone  
  33  3:05  Drone x2  
  36  3:08  Overlord  
  36  3:16  Metabolic Boost  
  36  3:22  Baneling Nest  
  35  3:27  Drone x6  
  35  3:28  Drone  
  35  3:32  Extractor  
  41  3:36  Extractor  
  40  3:58  Zergling x2  
  40  3:59  Zergling x6  
  40  4:00  Overlord x3  
  40  4:01  Overlord  
  44  4:06  Lair  
  44  4:20  Spore Crawler  
  43  4:24  Spore Crawler  
  42  4:35  Drone x8  
  42  4:36  Drone x4  
  54  4:51  Baneling x6  
  54  4:52  Baneling x5  
  54  5:03  Zergling x16  
  54  5:25  Zergling x2  
  54  5:26  Zergling x6  
  58  5:31  Zergling x2  
  58  5:32  Zergling x14  
  66  5:41  Centrifical Hooks  
  66  5:42  Spine Crawler  
  65  5:45  Spine Crawler  
  64  5:53  Baneling  
  64  5:54  Baneling x14  
  64  5:55  Baneling  
  64  5:56  Baneling x3  
  64  6:02  Evolution Chamber  
  63  6:05  Evolution Chamber  
  63  6:06  Hydralisk Den  
  41  6:48  Zergling x16  
  41  6:49  Zergling x16  
  56  6:56  Zerg Melee Weapons Level 1, Zerg Ground Armor Level 1  
  56  6:58  Muscular Augments  
  56  7:14  Spine Crawler  
  55  7:19  Spine Crawler  
  54  7:30  Hydralisk  
  54  7:31  Hydralisk x4  
  54  7:36  Hatchery  
  63  7:45  Overlord x2  
  63  7:46  Drone  
  63  7:47  Drone x2  
  64  8:23  Drone x11  
  75  8:34  Spire  
  74  8:43  Baneling  
  74  8:44  Baneling x7  
  74  8:46  Zergling x2  
  74  8:47  Zergling x8  
  79  8:55  Zergling x10  
  84  9:06  Queen  
  80  9:37  Hydralisk  
  80  9:38  Hydralisk x11  
  73  9:59  Hydralisk x5  
  59  10:22  Zergling x2  
  59  10:23  Zergling x24  
  57  10:36  Zergling x2  
  57  10:37  Zergling x4  
  40  10:54  Zergling x6  
  33  11:09  Zergling x6  
  2  12:03  Drone  
  2  12:04  Drone x4  
Show
View Real Time Build Order
Export as new Build Order

dallaskuken Protoss 

Build Orders:  

Get SALT Encoding   

  12  0:01  Probe (Chrono Boost)  
  13  0:14  Pylon  
  13  0:32  Forge  
  13  0:34  Probe (Chrono Boost)  
  14  0:59  Probe (Chrono Boost)  
  15  1:07  Gateway  
  15  1:16  Pylon  
  15  1:31  Pylon  
  15  1:45  Pylon  
  15  1:51  Photon Cannon  
  15  2:00  Photon Cannon  
  15  2:01  Pylon  
  15  2:06  Probe (Chrono Boost)  
  16  2:17  Probe (Chrono Boost)  
  17  2:27  Probe (Chrono Boost)  
  18  2:40  Photon Cannon  
  18  2:49  Photon Cannon  
  18  2:51  Photon Cannon  
  18  2:57  Zealot  
  20  3:02  Assimilator  
  20  3:16  Pylon  
  20  3:30  Cybernetics Core  
  20  3:31  Probe (Chrono Boost)  
  21  3:39  Gateway  
  21  3:41  Probe (Chrono Boost)  
  21  3:43  Photon Cannon  
  22  3:53  Zealot  
  24  3:59  Pylon, Probe (Chrono Boost)  
  25  4:07  Warp Gate  
  25  4:10  Probe (Chrono Boost)  
  26  4:20  Probe (Chrono Boost)  
  28  4:31  Probe (Chrono Boost)  
  28  4:33  Nexus  
  28  4:38  Pylon  
  28  4:41  Probe (Chrono Boost)  
  29  4:52  Stargate  
  29  4:57  Assimilator  
  29  4:58  Probe (Chrono Boost)  
  30  5:08  Probe (Chrono Boost)  
  30  5:09  Stalker  
  33  5:23  Probe (Chrono Boost)  
  34  5:33  Probe (Chrono Boost)  
  35  5:44  Stalker  
  35  5:45  Stalker  
  39  5:50  Probe (Chrono Boost)  
  39  5:56  Assimilator  
  40  6:01  Probe (Chrono Boost)  
  47  6:11  Probe x2 (Chrono Boost)  
  47  6:22  Probe x2 (Chrono Boost)  
  46  6:32  Probe (Chrono Boost)  
  34  7:02  Pylon  
  34  7:03  Pylon  
  34  7:12  Nexus  
  34  7:18  Pylon  
  34  7:30  Gateway  
  34  7:34  Cybernetics Core  
  34  7:49  Pylon  
  34  7:50  Pylon  
  34  7:54  Assimilator  
  33  8:14  Probe (Chrono Boost)  
  34  8:24  Probe (Chrono Boost)  
  35  8:31  Forge  
  35  8:35  Probe (Chrono Boost)  
  34  8:45  Probe (Chrono Boost)  
  35  8:56  Probe (Chrono Boost)  
  35  9:00  Probe (Chrono Boost)  
  35  9:01  Stargate  
  35  9:02  Stargate  
  37  9:06  Probe (Chrono Boost)  
  37  9:08  Pylon  
  38  9:17  Probe (Chrono Boost)  
  38  9:28  Probe (Chrono Boost)  
  34  10:38  Nexus  
  25  11:33  Pylon  
  25  11:35  Pylon  
  25  11:51  Probe (Chrono Boost)  
  25  11:53  Gateway  
  27  12:01  Probe (Chrono Boost)  
  22  12:12  Probe (Chrono Boost)  
Show
View Real Time Build Order
Export as new Build Order

FlAshBecK Terran - Winner!

Build Orders: Reaper Expand, MMM Bio 

Get SALT Encoding   

  12  0:02  SCV  
  13  0:14  SCV  
  14  0:18  Supply Depot  
  14  0:26  SCV  
  15  0:40  SCV  
  15  0:41  Barracks  
  16  0:49  Refinery  
  16  0:52  SCV  
  17  1:04  SCV  
  18  1:16  SCV  
  19  1:29  Orbital Command  
  19  1:31  Reaper  
  20  1:46  Command Center  
  20  1:55  Barracks  
  20  1:59  SCV  
  21  2:12  Barracks Reactor  
  21  2:13  Supply Depot  
  21  2:14  SCV  
  22  2:29  SCV  
  22  2:40  Refinery  
  22  2:41  SCV  
  23  2:44  Barracks Tech Lab  
  23  2:45  Factory  
  23  2:53  SCV  
  24  3:04  Marine x3  
  24  3:05  SCV  
  28  3:07  Orbital Command  
  28  3:17  SCV  
  28  3:18  Stimpack  
  29  3:22  Marine x3  
  32  3:29  SCV  
  32  3:31  Starport  
  33  3:36  Factory Reactor  
  33  3:37  SCV  
  33  3:41  SCV, Marine x3  
  34  3:48  Supply Depot  
  38  3:49  SCV  
  38  3:53  Barracks  
  38  3:54  SCV, Barracks  
  40  3:59  Barracks, Marine x3  
  40  4:01  SCV  
  44  4:03  Supply Depot  
  44  4:06  SCV, Supply Depot  
  45  4:13  SCV  
  45  4:16  Marine  
  45  4:17  Marine x2  
  47  4:18  SCV  
  47  4:22  Factory Tech Lab  
  50  4:25  SCV  
  50  4:30  SCV  
  50  4:31  Medivac  
  54  4:33  Medivac  
  54  4:34  Marine x2  
  54  4:35  Marine  
  54  4:37  SCV  
  60  4:42  SCV  
  61  4:46  Supply Depot  
  61  4:48  Barracks Reactor x2, Barracks Tech Lab  
  61  4:49  SCV  
  61  4:52  Marine x3, Siege Tank  
  66  4:54  SCV  
  66  4:59  Supply Depot  
  69  5:01  SCV  
  69  5:05  Refinery  
  69  5:06  Refinery  
  70  5:07  SCV  
  70  5:10  Marine x3, Supply Depot  
  70  5:11  Supply Depot  
  70  5:12  Marine  
  60  5:23  Combat Shields  
  60  5:24  Marine  
  60  5:25  Marine x3  
  60  5:26  SCV  
  60  5:28  Marine x3  
  67  5:30  Marine  
  67  5:33  Bunker  
  69  5:42  Marine  
  69  5:43  SCV x2, Marine x2, Engineering Bay  
  69  5:44  Marine, Engineering Bay  
  69  5:45  Marine  
  69  5:46  Marine  
  77  5:55  SCV  
  79  5:57  SCV  
  79  5:59  Marine  
  79  6:00  Marine  
  79  6:03  Siege Tank  
  84  6:07  SCV  
  84  6:09  SCV, Missile Turret  
  86  6:12  Missile Turret  
  86  6:14  Medivac x2  
  90  6:20  Marine x3  
  90  6:21  Marauder, Marine  
  96  6:27  Marine x2  
  96  6:28  Marauder  
  100  6:35  Siege Tank  
  100  6:38  Marine  
  92  6:46  Marauder, Marine x3  
  90  6:48  Marine x2  
  90  6:49  Marauder  
  94  6:56  Marine  
  95  7:07  Marine x2, Siege Tank  
  95  7:08  Marauder  
  102  7:30  Supply Depot  
  102  7:31  Supply Depot  
  102  7:33  Marine  
  102  7:51  Marine x6  
  102  7:52  Marauder  
  102  7:53  Marauder  
  112  8:09  Marine x3  
  112  8:10  Marine x3  
  116  8:13  Marauder  
  118  8:39  Command Center  
  118  8:40  Command Center  
  118  8:51  Barracks x2  
  118  8:52  Barracks  
  118  8:53  Terran Infantry Weapons Level 1  
  118  8:55  Terran Infantry Armor Level 1  
  118  9:08  Marine  
  118  9:11  Marine  
  118  9:17  Marine  
  118  9:18  Marine  
  118  9:19  Marine  
  118  9:33  Marauder, Marine x3  
  118  9:35  Marauder, Marine x2, Siege Tank  
  118  9:37  Marine  
  115  9:38  Marine x2  
  115  9:42  Marine  
  117  9:51  Marine x3  
  118  9:53  Marine x2  
  118  9:55  Marauder, Marine  
  118  9:56  Marauder  
  118  9:59  Marine x2  
  127  10:03  Orbital Command  
  124  10:07  Siege Tank  
  122  10:16  Marauder  
  122  10:17  Marauder  
  122  10:19  Marine x4  
  122  10:20  Marine x4  
  123  10:28  Marine  
  123  10:33  Orbital Command  
  122  10:37  SCV x3, Marine x4  
  122  10:38  Marauder  
  122  10:39  Marauder, Siege Tank  
  122  10:41  Marine x3  
  125  10:52  Marine x2  
  125  10:53  Armory  
  125  10:54  Marine  
  126  10:58  Marine  
  126  10:59  Marauder, Marine x4  
  126  11:00  Marauder  
  133  11:05  Marine  
  133  11:10  Marine x2  
  139  11:11  Siege Tank  
  139  11:20  Marauder  
  139  11:21  Marauder  
  139  11:23  Marine x3  
  139  11:24  Marine x3  
  148  11:28  Marine  
  148  11:31  Marine  
  148  11:32  Marine  
  148  11:38  Supply Depot x2  
  143  11:42  Marauder  
  143  11:43  Marauder, Marine x3, Siege Tank  
  143  11:44  Marine x3  
  152  12:03  Marauder  
  156  12:12  Barracks Reactor, Barracks Tech Lab  
  165  12:18  Barracks Tech Lab  
Show
View Real Time Build Order
Export as new Build Order

simon Protoss - Winner!

Build Orders: Nexus First 

Get SALT Encoding   

  12  0:01  Probe (Chrono Boost)  
  13  0:12  Probe (Chrono Boost)  
  14  0:20  Pylon  
  14  0:23  Probe (Chrono Boost)  
  15  0:38  Probe (Chrono Boost)  
  16  0:48  Probe (Chrono Boost)  
  17  1:03  Nexus  
  17  1:14  Assimilator  
  17  1:15  Probe (Chrono Boost)  
  18  1:26  Probe (Chrono Boost)  
Tags
 
Add a new tag
Caveats
  • Supply blocks, unpowered buildings, or Contaminate may cause inaccurate times.
  • Supply counts are checked every 10 seconds.